 Dungeon Crawl Stone Soup version 0.30.0-29-ga12c61a403 (webtiles) character file.

Game seed: 6029685972459131312

1365 BONEBRO the Cleaver (level 8, 0/64 HPs)
             Began as a Hill Orc Monk on June 15, 2023.
             Was a Believer of Beogh.
             Succumbed to a killer bee's poison
             ... on level 5 of the Dungeon.
             The game lasted 00:11:23 (4460 turns).

BONEBRO the Cleaver (Hill Orc Monk)                 Turns: 4460, Time: 00:11:24

Health: 0/64       AC: 17    Str: 16    XL:     8   Next: 65%
Magic:  8/8        EV:  6    Int: 10    God:    Beogh [**....]
Gold:   319        SH:  0    Dex: 13    Spells: 7/7 levels left

rFire   . . .        n - +0 hand axe (flame)
rCold   . . .        d - orb {light}
rNeg    . . .        l - +0 plate armour
rPois   .            (no helmet)
rElec   .            (no cloak)
rCorr   .            (no gloves)
SInv    +            (no boots)
Will    .....        (no amulet) Stlth
                     m - +4 ring of protection
HPRegen 0.30/turn    r - ring of see invisible
MPRegen 0.11/turn

%: no passive effects
@: lethally poisoned (0 -> -18), hasted, glowing, very quick
A: no striking features
a: Renounce Religion, Smiting


You were on level 5 of the Dungeon.
You worshipped Beogh.
Beogh was pleased with you.
You visited 1 branch of the dungeon, and saw 5 of its levels.

You collected 319 gold pieces.

Inventory:

Hand Weapons
 a - a +0 hand axe
 n - a +0 hand axe of flaming (weapon)
Armour
 b - a +0 robe
 d - an orb of light (worn)
 f - a +0 ring mail
 l - a +0 plate armour (worn)
 z - a +0 cloak
Jewellery
 m - a +4 ring of protection (left hand)
 r - a ring of see invisible (right hand)
 s - a +5 ring of evasion
Wands
 y - a wand of flame (24)
Scrolls
 e - 4 scrolls of enchant armour
 g - a scroll of immolation {unknown}
 i - 6 scrolls of identify
 j - a scroll of acquirement {unknown}
 k - 2 scrolls of teleportation
 q - a scroll of fog {unknown}
 x - 2 scrolls of poison {unknown}
Potions
 c - 2 potions of ambrosia
 p - a potion of experience {unknown}
 u - a potion of degeneration {unknown}
 v - a potion of magic {unknown}
 w - a potion of attraction {unknown}
 A - a potion of berserk rage {unknown}


   Skills:
 - Level 3.6 Fighting
 - Level 10.0 Axes
 + Level 8.2 Armour
 - Level 2.4 Dodging


You had 7 spell levels left.
You didn't know any spells.
Your spell library contained the following spells:

 Spells                   Type           Power      Damage    Failure   Level
 Ensorcelled Hibernation  Hex/Ice        0%         N/A       100%        2
 Passwall                 Tmut/Erth      0%         N/A       100%        2
 Swiftness                Air            0%         N/A       100%        3
 Volatile Blastmotes      Fire/Tloc      0%         2d10      100%        3
 Fulminant Prism          Conj/Hex       0%         3d5       100%        4
 Iskenderun's Mystic Bla  Conj/Tloc      0%         2d3       100%        4
 Alistair's Intoxication  Tmut/Pois      0%         N/A       100%        5
 Borgnjor's Vile Clutch   Necr/Erth      0%         N/A       100%        5
 Lee's Rapid Deconstruct  Erth           0%         3d4*      100%        5
 Eringya's Noxious Bog    Tmut/Pois      0%         N/A       100%        6


Dungeon Overview and Level Annotations

Branches:
Dungeon (5/15)             Temple (0/1) D:5

Altars:
Zin


Message History

You miss the killer bee.
The killer bee is almost dead.
You feel sick.
The killer bee stings you but does no damage.
You slash the killer bee! You burn the killer bee.
You kill the killer bee!
Beogh accepts your kill.
You feel sick.
You start resting.
You feel sick. x5
You are no longer poisoned.
You start resting.
A killer bee is nearby!
You closely miss the killer bee.
The killer bee buzzes angrily.
The killer bee stings you but does no damage.
The killer bee stings you.
* * * LOW HITPOINT WARNING * * *
You hit the killer bee. You burn the killer bee.
The killer bee is lightly wounded.
The killer bee stings you but does no damage.
You barely miss the killer bee.
The killer bee is lightly wounded.
The killer bee stings you but does no damage.
The killer bee barely misses you.
You closely miss the killer bee.
The killer bee is lightly wounded.
The killer bee stings you.
* * * LOW HITPOINT WARNING * * *
You are poisoned.
The killer bee poisons you!
You completely miss the killer bee.
The killer bee is lightly wounded.
* * * LOW HITPOINT WARNING * * *
You feel sick. The killer bee stings you.
* * * LOW HITPOINT WARNING * * *
You are more poisoned.
The killer bee poisons you!
The killer bee stings you but does no damage.
It was a potion of haste.
You feel yourself speed up.
You die...

###### <...## ....## ###
### #....# ##.##
##.###Syy)# . #...#
#...##..y.# ..#
##...###...##yyy.# #####..#
#..#..#@y#..#....#
.......###.###.#.###y#....#
.....#.##..# #...# #y...!##
..#.......## ##.## ##...##
.#####.##.# #.# #.### ..#
#.#.## ### ##### #.####.#.#
#...# #.##.....# ###.#
#....#.### #.#


You could see a killer bee.

Vanquished Creatures
  2 steam dragons (D:5)
  Menkaure (D:5)
  Duvessa (D:5)
  An ogre (D:5)
  3 scorpions
  Dowan (D:5)
  5 killer bees (D:5)
  2 hounds (D:5)
  A jelly (D:2)
  2 orc wizards (D:5)
  An iguana (D:5)
  5 gnolls
  7 adders
  A white imp (D:5)
  2 ufetubi (D:5)
  4 dart slugs (D:2)
  2 worms
  10 orcs
  4 bats
  4 endoplasms (D:1)
  2 giant cockroaches
  6 goblins
  4 hobgoblins
  5 jackals
  3 quokkas
  9 ball pythons
  3 frilled lizards
  7 kobolds
  5 rats
103 creatures vanquished.

Vanquished Creatures (others)
  An orc (D:5)
1 creature vanquished.

Grand Total: 104 creatures vanquished

Notes
Turn   | Place    | Note
-------+----------+-------------------------------------------
     0 | D:1      | BONEBRO the Hill Orc Monk began the quest for the Orb.
     0 | D:1      | Reached XP level 1. HP: 19/19 MP: 1/1
   138 | D:1      | Reached XP level 2. HP: 20/26 MP: 2/2
   231 | D:1      | Reached skill level 5 in Axes
   430 | D:1      | Reached XP level 3. HP: 22/31 MP: 3/3
   891 | D:2      | Reached skill level 6 in Axes
  1009 | D:2      | Reached XP level 4. HP: 8/39 MP: 4/4
  1227 | D:2      | Reached skill level 7 in Axes
  1318 | D:2      | Reached XP level 5. HP: 25/45 MP: 5/5
  1962 | D:3      | Reached skill level 8 in Axes
  2323 | D:3      | Found a glowing silver altar of Zin.
  2714 | D:4      | Reached XP level 6. HP: 51/51 MP: 6/6
  2795 | D:4      | Reached skill level 9 in Axes
  2969 | D:5      | Entered Level 5 of the Dungeon
  3060 | D:5      | Found a staircase to the Ecumenical Temple.
  3069 | D:5      | Noticed Duvessa
  3069 | D:5      | Noticed Dowan
  3087 | D:5      | Killed Duvessa
  3088 | D:5      | Reached skill level 10 in Axes
  3099 | D:5      | Killed Dowan
  3100 | D:5      | Reached skill level 1 in Armour
  3100 | D:5      | Reached XP level 7. HP: 20/57 MP: 7/7
  3252 | D:5      | Became a worshipper of Beogh the Brigand
  3252 | D:5      | Reached * piety under Beogh
  3252 | D:5      | Reached ** piety under Beogh
  3360 | D:5      | Noticed a steam dragon
  3408 | D:5      | Killed a steam dragon
  3728 | D:5      | Noticed Menkaure
  3761 | D:5      | Reached skill level 5 in Armour
  3783 | D:5      | HP: 2/57 [Menkaure (6)]
  3784 | D:5      | Killed Menkaure
  3785 | D:5      | Reached XP level 8. HP: 3/64 MP: 8/8
  4460 | D:5      | Succumbed to a killer bee's poison

Illustrated notes

Levels and vault maps discovered:
D:1:      dpeg_arrival_shelter, layout_basic, minmay_tetromino_i4
D:2:      minmay_alternating_diamond, layout_basic
D:3:      layout_basic, old_standard_altar, serial_forest,
          infiniplex_forest_straight_4, infiniplex_forest_clump_small,
          infiniplex_forest_corner_1, infiniplex_forest_corner_1,
          infiniplex_forest_lined_2, infiniplex_forest_clump_small,
          infiniplex_forest_clump_C, infiniplex_forest_lined_corner,
          interstate_on_off
D:4:      layout_rooms, lemuel_flame_loot_1
D:5:      kennysheep_steamy, layout_rooms, minmay_temple_entry_gardened_gates,
          serial_curves, eino_curves_03, eino_curves_04, uniq_duvessa,
          uniq_menkaure

Skill      XL: |  1  2  3  4  5  6  7  8 |
---------------+-------------------------+-----
Axes           | 5 6 7 8 10 | 10.0
Armour         | 1 5 8 |  8.2
Fighting       | |  3.6
Dodging        | |  2.4

Action                     |  1- 3 |  4- 6 |  7- 9 || total
---------------------------+-------+-------+-------++-------
  Melee: Hand axe          |    78 |   136 |   104 ||   318
  Throw: Throwing net      |       |       |     1 ||     1
 Invoke: Convert to Beogh  |       |       |     1 ||     1
    Use: Scroll            |       |     3 |     1 ||     4
         Potion            |       |       |     5 ||     5
 Armour: Robe              |     8 |       |       ||     8
         Ring mail         |    20 |     5 |       ||    25
         Plate armour      |       |    83 |   122 ||   205
  Dodge: Dodged            |    42 |    33 |    49 ||   124
